 Dungeon Crawl Stone Soup version 0.27-a0-1200-g94dc6ad4cf (webtiles) character file.

Game seed: 1250211961442327746

10488 oLDEn the Cleaver (level 11, -4/147 (154) HPs)
             Began as a Deep Dwarf Berserker on May 31, 2021.
             Was an Elder of Trog.
             Slain by an orc knight
             ... wielding a +0 war axe
              (41 damage)
             ... in a bailey.
             The game lasted 01:32:52 (10032 turns).

oLDEn the Cleaver (Deep Dwarf Berserker)           Turns: 10032, Time: 01:32:53

HP:   -4/147 (154)  AC: 14    Str: 24    XL:     11   Next: 36%
MP:   9/9           EV: 11    Int:  8    God:    Trog [****..]
Gold: 901           SH:  5    Dex: 12    Spells: 10/10 levels left

rFire    . . .     SeeInvis .   F - +2 hand axe (drain)
rCold    . . .     Faith    .   (no shield)
rNeg     . . .     Spirit   .   c - +0 chain mail
rPois    .         Reflect  +   b - +0 helmet
rElec    .         Harm     .   l - +0 cloak
rCorr    .         Rampage  .   (no gloves)
Will     +....                  (no boots)
Stlth    ..........             d - amulet of reflection
HPRegen  0.00/turn              (no ring)
MPRegen  0.11/turn              (no ring)

@: berserking, marked, flying, lightly drained, very quick
A: damage resistance, heal wounds, sense surroundings 2, no regeneration
a: Heal Wounds, Renounce Religion, Berserk, Trog's Hand, Brothers in Arms


You were in a bailey.
You worshipped Trog.
Trog was greatly pleased with you.
You visited 1 branch of the dungeon, and saw 10 of its levels.
You also visited: Sewer and Bailey.

You collected 901 gold pieces.

Inventory:

Hand Weapons
 F - a +2 hand axe of draining (weapon)
Missiles
 k - 9 boomerangs of dispersal
 p - 2 poisoned darts
 z - 44 boomerangs (quivered)
 E - 4 atropa-tipped darts
Armour
 b - a +0 helmet (worn)
 c - a +0 chain mail (worn)
 l - a +0 cloak (worn)
Jewellery
 a - a +6 ring of intelligence
 d - an amulet of reflection (around neck)
Wands
 f - a wand of iceblast (4)
 w - a wand of acid (8)
 A - a wand of charming (7)
 C - a wand of polymorph (7)
Scrolls
 e - a scroll of blinking
 g - 2 scrolls of fog
 h - 8 scrolls of teleportation
 o - a scroll of fear
 r - 4 scrolls of magic mapping
 u - a scroll of amnesia {unknown}
 v - a scroll of enchant armour {unknown}
 y - a scroll of acquirement {unknown}
 D - 2 scrolls of enchant weapon {unknown}
Potions
 i - 2 potions of mutation {unknown}
 j - 2 potions of flight
 m - 5 potions of curing
 n - a potion of heal wounds {unknown}
 q - 2 potions of lignification {unknown}
 s - 3 potions of berserk rage {unknown}
 t - a potion of invisibility {unknown}
 x - a potion of degeneration {unknown}
 B - 3 potions of attraction {unknown}


   Skills:
 + Level 8.0 Fighting
 * Level 12.6 Axes
 + Level 9.2 Armour
 + Level 9.1 Dodging


You had 10 spell levels left.
You didn't know any spells.
Your spell library was empty.

Dungeon Overview and Level Annotations

Branches:
Dungeon (10/15)            Temple (0/1) D:4            Lair (0/6) D:8
  Sewer (visited)          Bailey (1/1)
    Orc: D:9-12

Altars:
Gozag
Makhleb
Nemelex Xobeh
Ru
Zin
The Shining One
Beogh

Annotations:
D:7 3 runed translucent doors, champignon's ghost, novice DsGl


Innate Abilities, Weirdness & Mutations

You are resistant to damage.
You can heal yourself by infusing magical energy.
You passively map the area around you.
You do not regenerate.


Message History

The orc knight is heavily wounded.
The kobold throws a boomerang.
The boomerang hits you but does no damage.
The orc knight hits you with a +0 broad axe!!
* * * LOW HITPOINT WARNING * * *
You slash the orc knight! You drain the orc knight.
The orc knight is severely wounded.
The orc knight roars a battlecry!
The orc warrior goes into a battle-frenzy!
You slash the orc knight! You drain the orc knight.
The orc knight is almost dead.
The kobold throws a boomerang.
The boomerang closely misses you.
The orc knight roars a battlecry!
The orc knight goes into a battle-frenzy!
You slash the orc knight! You drain the orc knight.
You kill the orc knight!
Trog accepts your kill.
Your Fighting skill increases to level 8!
You hit the orc knight.
The orc knight is lightly wounded.
You hit the kobold. You drain the kobold.
You kill the kobold!
Trog accepts your kill.
The orc knight hits you but does no damage.
You hit the orc knight.
The orc knight is lightly wounded.
Your chain mail prevents you from hitting the hobgoblin.
The orc warrior no longer looks unusually strong.
The orc knight roars a battlecry!
The orc warrior goes into a battle-frenzy!
You closely miss the orc knight.
The orc knight is lightly wounded.
You slash the hobgoblin!
You kill the hobgoblin!
Trog accepts your kill.
You closely miss the orc knight.
The orc knight is lightly wounded.
You closely miss the orc warrior.
The orc knight hits you with a +0 war axe!!!
You die...

##.....#### ##.......###
##..∩......####
#.............####
#≈≈≈≈≈≈≈≈≈........###
≈≈≈≈≈≈≈≈≈≈≈≈≈.......##
≈#########≈≈≈≈≈......##
∩#..ogooo#∩≈≈≈≈≈≈≈....### *
##...oooK####)≈≈@≈≈≈≈≈≈≈###≈
,####g####..#†).oo≈≈≈≈≈≈≈≈≈≈
,
..o...o..###...K..#≈≈≈≈≈≈#*
** *o ###..'.#o....#########
, , ,, #..###K......# , , ,
, #g)#.o..⌠.....# *
##'#.........## * **
*#..o........## , ,
..............####


You could see an orc knight (strong), 3 orc warriors and 2 kobolds.

Vanquished Creatures
  Harold (D:6)
  A boulder beetle (D:9)
  A tengu warrior (D:9)
  An orc knight (Bailey)
  Maurice (D:8)
  A gargoyle (D:9)
  Psyche (D:8)
  Maggie (D:6)
  9 yaks
  Sigmund (D:2)
  2 wyverns (D:8)
  A water moccasin (D:9)
  A hornet zombie (D:8)
  2 ice beasts
  6 orc warriors
  4 necrophages
  7 black bears
  4 ogres
  4 centaurs
  3 phantoms (D:4)
  A kobold brigand (D:7)
  2 bullfrogs (D:8)
  2 gnoll sergeants (D:9)
  A scorpion (D:4)
  A water moccasin skeleton (D:4)
  3 killer bees (D:8)
  9 howler monkeys
  6 wights
  A bullfrog zombie (D:7)
  2 jellies
  3 hounds
  2 bullfrog skeletons (D:6)
  9 orc priests
  A centaur skeleton (D:6)
  Ijyb (D:4)
  An iguana (D:6)
  7 orc wizards
  A killer bee zombie (D:9)
  A hound skeleton (D:5)
  Robin (D:2)
  10 gnolls
  10 adders
  2 river rats (D:4)
  A shadow imp (D:7)
  A white imp (D:7)
  An ufetubus (D:6)
  A worm (D:3)
  4 dart slugs
  45 orcs
  9 endoplasms
  7 giant cockroaches
  23 goblins
  14 hobgoblins
  16 jackals
  4 quokkas
  9 ball pythons
  4 bats
  12 frilled lizards
  33 kobolds
  6 rats
319 creatures vanquished.

Vanquished Creatures (collateral kills)
  A cyclops (D:9)
1 creature vanquished.

Vanquished Creatures (others)
  A fungus (D:8)
  20 plants
21 creatures vanquished.

Grand Total: 341 creatures vanquished

Notes
Turn   | Place    | Note
-------+----------+-------------------------------------------
     0 | D:1      | oLDEn the Deep Dwarf Berserker began the quest for the Orb.
     0 | D:1      | Reached XP level 1. HP: 20/20 MP: 1/1
    77 | D:1      | Reached XP level 2. HP: 16/27 MP: 2/2
   422 | D:1      | Reached ** piety under Trog
   424 | D:1      | Reached XP level 3. HP: 13/33 MP: 3/3
   480 | D:1      | Reached skill level 4 in Axes
   488 | D:1      | You fall into a shaft and drop 1 floor!
   980 | D:2      | Noticed Robin
  1016 | D:2      | Killed Robin
  1025 | D:2      | Reached XP level 4. HP: 39/42 MP: 4/4
  1085 | D:2      | Noticed Sigmund
  1096 | D:2      | Killed Sigmund
  1097 | D:2      | Reached skill level 5 in Axes
  1097 | D:2      | Reached XP level 5. HP: 49/49 MP: 5/5
  1359 | D:2      | Found a faded altar of an unknown god.
  1847 | D:3      | Reached XP level 6. HP: 45/56 MP: 6/6
  2151 | D:3      | Reached *** piety under Trog
  2796 | D:4      | Found a glowing drain.
  2870 | Sewer    | Entered a sewer
  3310 | Sewer    | Reached skill level 6 in Axes
  3586 | D:4      | Found a staircase to the Ecumenical Temple.
  3624 | D:4      | Reached XP level 7. HP: 38/64 MP: 7/7
  3700 | D:4      | Found an opulent altar of Gozag.
  4114 | D:5      | Entered Level 5 of the Dungeon
  4114 | D:5      | Noticed Ijyb
  4118 | D:5      | Paralysed by Ijyb for 4 turns
  4220 | D:4      | Reached skill level 7 in Axes
  4221 | D:4      | Killed Ijyb
  4260 | D:5      | Reached skill level 5 in Armour
  4260 | D:5      | Reached XP level 8. HP: 49/73 MP: 8/8
  4339 | D:5      | Reached skill level 5 in Dodging
  4563 | D:5      | Reached skill level 5 in Fighting
  4690 | D:5      | Reached skill level 8 in Axes
  5500 | D:6      | Found a glowing silver altar of Zin.
  5500 | D:6      | Found a sacrificial altar of Ru.
  5531 | D:6      | Noticed Maggie
  5576 | D:6      | Killed Maggie
  5577 | D:6      | Reached skill level 9 in Axes
  5577 | D:6      | Gained mutation: You passively map the area around you.
                  | [Deep Dwarf growth]
  5577 | D:6      | Reached XP level 9. HP: 75/81 MP: 9/9
  5648 | D:6      | Found a burning altar of Makhleb.
  5757 | D:6      | Reached **** piety under Trog
  5879 | D:7      | Noticed Harold
  5917 | D:6      | Killed Harold
  6034 | D:7      | Reached skill level 10 in Axes
  6162 | D:7      | Found a sparkling altar of Nemelex Xobeh.
  6380 | D:7      | Reached XP level 10. HP: 29/92 MP: 10/10
  6609 | D:7      | Found a runed translucent gate.
  6610 | D:7      | Found a runed translucent gate.
  6612 | D:7      | Found a runed translucent gate.
  6612 | D:7      | Noticed champignon's ghost (novice DsGl)
  7300 | D:8      | Found a staircase to the Lair.
  7448 | D:8      | Reached skill level 11 in Axes
  7782 | D:8      | Noticed Maurice
  8168 | D:8      | Noticed Psyche
  8179 | D:8      | Killed Psyche
  8245 | D:8      | Killed Maurice
  8355 | D:8      | Found a glowing golden altar of the Shining One.
  8686 | D:9      | Noticed a boulder beetle
  8707 | D:9      | Killed a boulder beetle
  8879 | D:9      | Reached skill level 12 in Axes
  8879 | D:9      | Reached XP level 11. HP: 52/100 MP: 10/10
  8931 | D:9      | Identified the +7 dagger "Brush" {venom, rElec rF- rN+
                  | Stlth+}
  9542 | D:9      | Noticed a tengu warrior
  9560 | D:9      | Killed a tengu warrior
  9725 | D:10     | Entered Level 10 of the Dungeon
  9828 | D:10     | Found a flagged portal.
  9855 | Bailey   | Entered a bailey
  9864 | Bailey   | Noticed an orc knight
  9864 | Bailey   | Noticed an orc knight
 10026 | Bailey   | Killed an orc knight
 10032 | Bailey   | Slain by an orc knight

Illustrated notes

Levels and vault maps discovered:
D:1:      mrwooster_arrival_arrow, layout_loops_ring
D:2:      minmay_inner_zag, layout_loops_ring, chequers_ecumenical_altar_twisty,
          minmay_misc_feat_room, uniq_sigmund, uniq_robin
D:3:      layout_loops_cross, grunt_ministairs_8, minmay_crystal_room,
          minmay_mini_jars
D:4:      layout_basic, overflow_temple_1_default,
          minmay_temple_entry_antechambers, portal_sewer_entry_a,
          saegor_snake_ambush
D:5:      layout_cave_pools, uniq_ijyb
D:6:      layout_gridville, gammafunk_temple_overflow_forgotten, uniq_maggie
D:7:      layout_loops_ring, nemelex_dance_club_becter,
          biasface_ghost_orc_armoury, amethyst_killhole,
          kennysheep_generic_room_6, uniq_harold
D:8:      layout_loops_cross, kennysheep_little_box, david_lair_generic,
          uniq_maurice, uniq_psyche
D:9:      layout_roguey, hangedman_decor_push, wad_mini_maze
D:10:     layout_roguey, serial_shops, kennysheep_mini_moat, enter_bailey_5
Bailey:   bailey_axe_4, bailey

Skill      XL: |  1  2  3  4  5  6  7  8  9 10 11 |
---------------+----------------------------------+-----
Fighting       | 3 4 5 6 7 8 |  8.0
Axes           | 4 5 6 7 9 10 12 | 12.6
Armour         | 3 4 5 6 7 8 9 |  9.2
Dodging        | 3 4 6 7 8 9 |  9.1

Action                   |  1- 3 |  4- 6 |  7- 9 | 10-12 || total
-------------------------+-------+-------+-------+-------++-------
Melee: Hand axe          |   142 |   345 |   460 |   412 ||  1359
       War axe           |       |       |       |   125 ||   125
       Unarmed           |       |       |       |     5 ||     5
Throw: Dart              |       |    31 |    67 |    93 ||   191
       Boomerang         |       |       |     1 |     4 ||     5
Invok: Trog's Hand       |     1 |     5 |     9 |    12 ||    27
       Berserk           |     1 |     2 |     2 |     6 ||    11
       Brothers in Arms  |       |       |       |     1 ||     1
 Abil: Heal Wounds       |       |       |     9 |    14 ||    23
Evoke: Wand              |       |       |       |     1 ||     1
  Use: Scroll            |     2 |     2 |     6 |     4 ||    14
       Potion            |     1 |       |     4 |     5 ||    10
Armor: Animal skin       |    11 |       |       |       ||    11
       Chain mail        |    16 |   159 |   184 |   201 ||   560
       Skin              |       |       |       |     1 ||     1
Dodge: Dodged            |    81 |   141 |   191 |   226 ||   639
Block: Other             |       |       |    34 |    84 ||   118
       Reflection        |       |       |     2 |    12 ||    14

Table legend: (Time is in decaauts)
 A = Elapsed time spent in this place.
 B = Non-inter-level travel time spent in this place.
 C = Inter-level travel time spent in this place.
 D = Time resting spent in this place.
 E = Time spent auto-exploring this place.
 F = Levels seen in this place.
 G = Mean time per level.
                   A        B        C        D        E       F      G
               +--------+--------+--------+--------+--------+-----+--------+
         Total |  10170 |   9799 |    371 |    436 |   6145 |  12 |  847.5 |
       Dungeon |   9214 |   8843 |    371 |    436 |   5543 |  10 |  921.4 |
         Sewer |    792 |    792 |      0 |      0 |    586 |   1 |  792.0 |
        Bailey |    163 |    163 |      0 |      0 |     16 |   1 |  163.0 |
               +--------+--------+--------+--------+--------+-----+--------+

Top non-repeatable levels by time:
     D:7: 1332 daAuts
     D:8: 1258 daAuts
     D:9: 1150 daAuts
     D:3: 1130 daAuts
     D:6: 974 daAuts
     D:2: 879 daAuts
     D:4: 864 daAuts
     D:1: 818 daAuts
   Sewer: 792 daAuts
     D:5: 681 daAuts
  Bailey: 163 daAuts
    D:10: 123 daAuts
